 Dungeon Crawl Stone Soup version 0.14.1-24-gbdbe590 (webtiles) character file.

149 Charly the Insei (level 4, 0/32 HPs)
             Began as a Merfolk Transmuter on June 23, 2014.
             Was an Initiate of Ashenzari.
             Slain by a gnoll
             ... wielding a +0,+0 flail
              (11 damage)
             ... on Level 2 of the Dungeon.
             The game lasted 00:13:00 (1887 turns).

Charly the Insei (Merfolk Transmuter)               Turns: 1887, Time: 00:13:00

HP   0/32        AC  2     Str 12      XL: 4   Next:  7%
MP   1/8         EV 13     Int 13      God: Ashenzari [......]
Gold 88          SH  0     Dex 14      Spells:  3 memorised,  1 level left

rFire  . . .     SeeInvis .     b - 21 arrows
rCold  . . .     Clarity  .     c - +0 robe
rNeg   . . .     Conserve .     (no shield)
rPois  .         rCorr    .     (no helmet)
rElec  .         rRot     .     (no cloak)
SustAb . .       Spirit   .     (no gloves)
rMut   .         Warding  .     (no boots)
Saprov . . .     Stasis   .     (no amulet)
MR     .....                    (no ring)
                                (no ring)

@: not resistant to hostile enchantments, unstealthy
A: change form in water, swift swim, strong 1
a: Renounce Religion


You were on level 2 of the Dungeon.
You worshipped Ashenzari.
Ashenzari was noncommittal.
You were hungry.

You visited 1 branch of the dungeon, and saw 2 of its levels.

You collected 88 gold pieces.

Inventory:

Missiles
 b - 21 arrows (in hand)
Armour
 c - a +0 robe (worn)
Comestibles
 a - 2 bread rations
 g - a choko
 l - a beef jerky
Scrolls
 e - a scroll of teleportation
 f - a scroll of recharging
 h - a scroll of immolation {unknown}
 j - 3 scrolls of identify
 k - a scroll of enchant armour {unknown}
 m - a scroll of fear {unknown}
Books
 d - a book of Changes

   Spells                             Type                      Level
   *Beastly Appendage                 Transmutation                1
   *Sticks to Snakes                  Transmutation                2
   *Spider Form                       Transmutation/Poison         3
   Ice Form                           Ice/Transmutation            4
   Blade Hands                        Transmutation                5


   Skills:
 - Level 1.1 Fighting
 - Level 2.6 Dodging
 + Level 4.2 Unarmed Combat
 + Level 2.4 Spellcasting
 + Level 3.7 Transmutations
 * Level 0.7 Poison Magic


You had one spell level left.
You knew the following spells:

 Your Spells              Type           Power        Failure   Level  Hunger
b - Beastly Appendage     Trmt           ##....       8%          1    #......
s - Sticks to Snakes      Trmt           ##........   10%         2    ###....
S - Spider Form           Trmt/Pois      #.........   34%         3    ####...


Dungeon Overview and Level Annotations

Branches:
Dungeon (2/15)

Altars:
Ashenzari


Innate Abilities, Weirdness & Mutations

You revert to your normal form in water.*
You are very nimble and swift while swimming.*
Your muscles are strong. (Str +2)


Message History

Drink which item? (? for menu, Esc to quit)
Okay, then.
Read which item? (? for menu, Esc to quit)
Okay, then.
You see here a throwing net.
n - a throwing net Throwing (i - inventory):
n - a throwing net (quivered)
Press: ? - help, Shift-Dir - straight line, f - gnoll
Aim: a gnoll, wielding a flail (heavily wounded)
You throw a throwing net. The throwing net misses the gnoll.
Your magical contamination has completely faded away.
Drink which item? (? for menu, Esc to quit)
You feel better.
The gnoll hits you with an uncursed flail.
b - 22 arrows (in hand)
Casting: Sticks to Snakes
Confirm with . or Enter, or press ? or * to list all spells.
You create a snake!
The gnoll hits you with an uncursed flail!
You die...

#......###...###.###.##
...(..................####
....#...##.....####......#
.(###...###....# #......# ###
#######....####....[.######
#....................... .
#....#########)###......##
#......#######.###.......#
#.......g@S..............#
######....######.#######...#
#.........# #.#########%#
##...#...### #.........#.#
#....#...# ####...##.<..
#...##...# #..........
#.....#.## #...#.....g
#.....#.###########.......###
###..........(..)....)....##.


You could see a gnoll and a friendly adder.

Vanquished Creatures
  2 gnolls (D:2)
  An adder (D:2)
  A giant gecko (D:1)
  5 goblins (D:2)
  3 hobgoblins
  4 bats
  2 giant cockroaches (D:1)
  2 giant newts (D:1)
  3 kobolds (D:2)
  5 rats
28 creatures vanquished.

Vanquished Creatures (collateral kills)
  A gnoll (D:2)
  An adder (D:2)
2 creatures vanquished.

Grand Total: 30 creatures vanquished

Notes
Turn   | Place    | Note
--------------------------------------------------------------
     0 | D:1      | Charly, the Merfolk Transmuter, began the quest for the Orb.
     0 | D:1      | Reached XP level 1. HP: 15/15 MP: 3/3
   534 | D:1      | Reached XP level 2. HP: 21/21 MP: 1/4
   539 | D:1      | Learned a level 2 spell: Sticks to Snakes
  1250 | D:2      | Found a shattered altar of Ashenzari.
  1253 | D:2      | Became a worshipper of Ashenzari the Shackled
  1463 | D:1      | Gained mutation: Your muscles are strong. (Str +2) [potion of beneficial mutation]
  1618 | D:2      | Reached XP level 3. HP: 26/26 MP: 6/6
  1626 | D:2      | Learned a level 3 spell: Spider Form
  1650 | D:2      | Reached skill level 4 in Unarmed Combat
  1859 | D:2      | Reached XP level 4. HP: 18/32 MP: 0/8
  1887 | D:2      | Slain by a gnoll

Action                   |  1- 3 |  4- 6 || total
-------------------------+-------+-------++-------
Melee: Unarmed           |   101 |     3 ||   104
Throw: Throwing net      |       |     1 ||     1
 Cast: Beastly Appendage |    13 |       ||    13
       Sticks to Snakes  |     4 |     1 ||     5
 Abil: End Transformatio |    11 |       ||    11
  Use: Scroll            |     4 |       ||     4
       Potion            |     1 |     1 ||     2
